 Dungeon Crawl Stone Soup version 0.31-a0-844-gdc52ec4e09 (webtiles) character file.

Game seed: 12111313023376975268

817 porpoise the Cutter (level 7, -7/32 HPs)
             Began as a Vine Stalker Enchanter on Sept 30, 2023.
             Was an Initiate of Ashenzari.
             Killed from afar by an electric eel (10 damage)
             ... with a bolt of electricity
             ... on level 6 of the Dungeon.
             The game lasted 00:15:47 (4600 turns).

porpoise the Cutter (Vine Stalker Enchanter)        Turns: 4600, Time: 00:15:48

Health: -7/32      AC:  7    Str: 10    XL:     7   Next: 94%
Magic:  0/14       EV: 12    Int: 17    God:    Ashenzari [......]
Gold:   220        SH:  0    Dex: 15    Spells: 6/14 levels left

rFire   + . .        a - +1 dagger
rCold   + . .        (no shield)
rNeg    . . .        j - +2 robe {rC+ rF+}
rPois   .            s - +0 helmet
rElec   .            (no cloak)
rCorr   .            (no gloves)
SInv    .            g - +1 pair of boots
Will    .....        (no amulet)
Stlth   ++           (no ring)
HPRegen 1.05/turn    (no ring)
MPRegen 0.14/turn

%: guardian spirit
@: no status effects
A: fangs 2, regeneration 1, magic shield, antimagic bite, no potion heal 2
a: Renounce Religion


You were on level 6 of the Dungeon.
You worshipped Ashenzari.
Ashenzari was noncommittal.
You visited 2 branches of the dungeon, and saw 7 of its levels.

You collected 308 gold pieces.
You spent 88 gold pieces at shops.

Inventory:

Hand Weapons
 a - a +1 dagger (weapon)
 b - the +8 arbalest "Feujixt" {drain, Str+2 Int+2}
   (You found it on level 5 of the Dungeon)

   Str+2:     It affects your strength (+2).
   Int+2:     It affects your intelligence (+2).
 v - a +4 scimitar
Missiles
 n - 4 boomerangs
 o - 4 poisoned darts
Armour
 g - a +1 pair of boots (worn)
 j - a +2 robe of resistance (worn)
 s - a +0 helmet (worn)
Jewellery
 l - a ring of fire
Wands
 i - a wand of mindburst (15)
 q - a wand of light (7)
Scrolls
 e - a scroll of enchant armour
 f - a scroll of fear
 m - a scroll of silence {unknown}
 p - a scroll of poison
Potions
 c - a potion of invisibility
 d - a potion of berserk rage
 h - a potion of mutation
 k - 2 potions of enlightenment
 r - a potion of brilliance
 t - a potion of curing {unknown}
 u - a potion of lignification {unknown}


   Skills:
 * Level 5.2 Short Blades
 - Level 1.5 Dodging
 - Level 3.6 Stealth
 + Level 4.2 Spellcasting
 + Level 5.0 Hexes
 - Level 3.0 Ice Magic


You had 6 spell levels left.
You knew the following spells:

 Your Spells              Type           Power      Damage    Failure   Level
a - Confusing Touch       Hex            20%        N/A       6%          3
e - Ensorcelled Hibernat  Hex/Ice        34%        N/A       4%          2
t - Tukima's Dance        Hex            20%        N/A       6%          3

Your spell library contained the following spells:

 Spells                   Type           Power      Damage    Failure   Level
 Jinxbite                 Hex            40%        N/A       3%          2
 Apportation              Tloc           6%         N/A       16%         1
 Magic Dart               Conj           12%        1d3       16%         1
 Necrotise                Necr           12%        1d4       16%         1
 Summon Small Mammal      Summ           12%        N/A       16%         1
 Dazzling Flash           Conj/Hex       24%        N/A       17%         3
 Call Imp                 Summ           6%         N/A       24%         2
 Cigotuvi's Dreadful Rot  Necr/Pois/Air  6%         N/A       24%         2
 Mephitic Cloud           Conj/Pois/Air  3%         N/A       43%         3
 Dispel Undead            Necr           3%         3d7       83%         4
 Alistair's Intoxication  Tmut/Pois      2%         N/A       99%         5
 Death Channel            Necr           1%         N/A       100%        6


Dungeon Overview and Level Annotations

Branches:
Dungeon (6/15)             Temple (1/1) D:6

Altars:
Ashenzari
Cheibriados
Dithmenos
Elyvilon
Fedhas
Gozag
Hepliaklqana
Kikubaaqudgha
Makhleb
Nemelex Xobeh
Okawaru
Qazlal
Ru
Sif Muna
Trog
Uskayaw
Vehumet
Wu Jian
Xom
Yredelemnul
Zin
The Shining One

Shops:
D:1 (   D:2 [   D:4 (


Innate Abilities, Weirdness & Mutations

You have extremely sharp teeth.
Your natural rate of healing is unusually fast.
When hurt, damage is shared between your health and your magic reserves.
Your bite disrupts and absorbs the magic of your enemies.
Potions cannot restore your health.


Message History

You hit the orc wizard.
The orc wizard is almost dead.
The orc wizard splashes around in the water.
You miss the orc wizard.
You bite the orc wizard, but do no damage.
The orc wizard is almost dead.
You hear a splashing noise.
You hit the orc wizard.
You kill the orc wizard!
You hear a splash. x2
The electric eel shoots out a bolt of lightning at you!
The bolt of electricity hits the plant!
The plant begins to die.
The bolt of electricity hits you!
Something hits the plant.
You hit the orc. Your bite misses the orc.
The orc is heavily wounded.
The electric eel shoots out a bolt of lightning at you!
The bolt of electricity hits the plant!
The bolt of electricity misses you.
You hit the orc.
You kill the orc!
You hear a splash. x2
You enter the shallow water.
Moving in this stuff is going to be slow.
An ice beast comes into view.
Found a falchion.
A nearby plant withers and dies.
The electric eel shoots out a bolt of lightning at you!
The bolt of electricity hits you! The bolt of electricity hits you.
The bolt of electricity hits the electric eel.
The electric eel completely resists.
The orc completely misses you.
Items here: $ )) [ †.
A nearby plant withers and dies.
The electric eel shoots out a bolt of lightning at you!
The bolt of electricity hits you!
* * * LOW HITPOINT WARNING * * *
The orc throws a stone.
The stone closely misses you.
The electric eel shoots out a bolt of lightning at you!
The bolt of electricity hits you!
* * * LOW HITPOINT WARNING * * *
The electric eel shoots out a bolt of lightning at you!
The bolt of electricity hits you!
You die...

#...##...#..# ...).
##.#.....###.# .....
#...#..>.## .#
...... #.#.##....#
.. ...... #...
#...##..##
......##..# #..##...
...~PPP#..###.#..#
.~.PY~PS...#....#..#
PPP~~~o)##@..#....##
PP~~≈♣~~###....####
~~♣≈ ♣~~~ ###### ♣
~~~~# ~♣♣~.P ~~
~♣~~# ~~ ~ ♣P. ~~. ~
P.#


You could see an ice beast and an electric eel.

Vanquished Creatures
  An orc warrior (D:6)
  An ogre (D:5)
  A black bear (D:4)
  A phantom (D:5)
  A scorpion (D:5)
  3 wights (D:4)
  A howler monkey (D:4)
  An iguana (D:4)
  An orc wizard (D:6)
  3 gnolls (D:3)
  6 adders
  A worm (D:3)
  5 dart slugs
  14 orcs
  5 endoplasms
  2 giant cockroaches
  4 goblins
  5 hobgoblins
  4 jackals
  3 kobolds
  3 quokkas
  3 ball pythons
  6 bats
  A frilled lizard (D:2)
  3 rats
79 creatures vanquished.

Notes
Turn   | Place    | Note
-------+----------+-------------------------------------------
     0 | D:1      | porpoise the Vine Stalker Enchanter began the quest for the
                  | Orb.
     0 | D:1      | Reached XP level 1. HP: 9/9 MP: 4/4
   172 | D:1      | Found Mutzymeo's Weapon Shop.
   227 | D:1      | Reached skill level 1 in Short Blades
   457 | D:1      | You fall into a shaft and drop 1 floor!
   481 | D:2      | Reached XP level 2. HP: 13/13 MP: 6/6
   484 | D:2      | Learned a level 2 spell: Ensorcelled Hibernation
   700 | D:2      | Found a sacrificial altar of Ru.
   719 | D:2      | Found Luffef's Antique Armour Shop.
   824 | D:2      | Reached skill level 1 in Ice Magic
   824 | D:2      | Reached XP level 3. HP: 16/16 MP: 2/7
   914 | D:2      | Bought a runed robe for 88 gold pieces
  1314 | D:2      | Learned a level 3 spell: Confusing Touch
  1537 | D:3      | Reached XP level 4. HP: 16/21 MP: 1/9
  1641 | D:3      | Learned a level 3 spell: Tukima's Dance
  2434 | D:4      | Reached XP level 5. HP: 24/24 MP: 7/10
  2548 | D:4      | Found Ysoud's Weapon Boutique.
  2564 | D:4      | Noticed a black bear
  2571 | D:4      | Killed a black bear
  2760 | D:4      | Reached XP level 6. HP: 28/28 MP: 6/11
  3618 | D:4      | Reached XP level 7. HP: 23/32 MP: 10/13
  3698 | D:5      | Entered Level 5 of the Dungeon
  4067 | D:5      | Found a basalt altar of Yredelemnul.
  4067 | D:5      | Found a hazy altar of Hepliaklqana.
  4234 | D:5      | Identified the +8 arbalest "Feujixt" {drain, Str+2 Int+2}
  4319 | D:5      | Found a glowing silver altar of Zin.
  4410 | D:6      | Found a staircase to the Ecumenical Temple.
  4433 | D:6      | Reached skill level 5 in Short Blades
  4433 | D:6      | Reached skill level 5 in Hexes
  4545 | Temple   | Entered the Ecumenical Temple
  4551 | Temple   | Became a worshipper of Ashenzari the Shackled
  4600 | D:6      | Killed from afar by an electric eel

Illustrated notes

Levels and vault maps discovered:
D:1:      evilmike_arrival_crescent, layout_loops_ring, serial_shops,
          nicolae_shop_just_a_little_nook
D:2:      layout_basic, serial_shops, shop, basic_altar, minmay_quadrilaterals
D:3:      layout_loops_ring
D:4:      layout_layer_cave, serial_shops, shop
D:5:      layout_basic, zin_treasury, grunt_temple_overflow_open
D:6:      layout_rooms, minmay_temple_entry_wispy, serial_bayou,
          serial_bayou_lagoon_b, serial_bayou_pond_c, serial_bayou_lagoon_a,
          serial_bayou_shore_a
Temple:   compressed_dpeg_triangle_lava_temple

Skill      XL: |  1  2  3  4  5  6  7 |
---------------+----------------------+-----
Short Blades   | 1 2 3 4 5 |  5.2
Ice Magic      | 1 2 3 |  3.0
Spellcasting   | 3 4 |  4.2
Hexes          | 4 5 |  5.0
Dodging        | |  1.5
Stealth        | |  3.6

Action                     |  1- 3 |  4- 6 |  7- 9 || total
---------------------------+-------+-------+-------++-------
  Melee: Dagger            |    53 |   144 |    59 ||   256
         Bite              |     9 |    36 |    16 ||    61
         Punch             |       |     3 |       ||     3
   Fire: Arbalest          |       |       |     3 ||     3
   Cast: Ensorcelled Hiber |     7 |     6 |     4 ||    17
         Confusing Touch   |       |     4 |     1 ||     5
  Evoke: Wand              |       |       |     1 ||     1
    Use: Potion            |     1 |       |       ||     1
         Scroll            |       |     4 |     6 ||    10
   Stab: Sleeping          |    12 |    10 |     5 ||    27
         Invisible         |     1 |     1 |     2 ||     4
         Confused          |       |     3 |     1 ||     4
         Distracted        |       |     1 |       ||     1
 Armour: Robe              |    26 |    49 |    26 ||   101
  Dodge: Dodged            |    35 |    76 |    17 ||   128

Table legend: (Time is in decaauts)
 A = Elapsed time spent in this place.
 B = Non-inter-level travel time spent in this place.
 C = Inter-level travel time spent in this place.
 D = Time resting spent in this place.
 E = Time spent auto-exploring this place.
 F = Levels seen in this place.
 G = Mean time per level.
                   A        B        C        D        E       F      G
               +--------+--------+--------+--------+--------+-----+--------+
         Total |   4568 |   4397 |    171 |    556 |   2935 |   7 |  652.6 |
       Dungeon |   4556 |   4390 |    166 |    556 |   2935 |   6 |  759.3 |
        Temple |     11 |      6 |      5 |      0 |      0 |   1 |   11.0 |
               +--------+--------+--------+--------+--------+-----+--------+

Top non-repeatable levels by time:
     D:4: 1231 daAuts
     D:2: 1027 daAuts
     D:3: 958 daAuts
     D:5: 695 daAuts
     D:1: 461 daAuts
     D:6: 182 daAuts
  Temple: 11 daAuts
